 Dungeon Crawl Stone Soup version 0.29-a0-297-g7659ce593d (webtiles) character file.

Game seed: 17449140885178790213

5989 sfbr the Basher (level 10, -3/91 HPs)
             Began as a Minotaur Berserker on Mar 20, 2022.
             Was an Elder of Trog.
             Killed from afar by an oklob plant (33 damage)
             ... with a splash of acid
             ... on level 9 of the Dungeon.
             The game lasted 01:04:22 (10391 turns).

sfbr the Basher (Minotaur Berserker)               Turns: 10391, Time: 01:04:23

Health: -3/91      AC:  9    Str: 32    XL:     10   Next: 55%
Magic:  9/9        EV: 11    Int:  4    God:    Trog [****..]
Gold:   453        SH:  5    Dex: 10    Spells: 9/9 levels left

rFire   . . .      SeeInvis .   j - +2 flail (vorpal)
rCold   . . .      Faith    .   (no shield)
rNeg    + . .      Spirit   .   x - +0 chain mail
rPois   .          Reflect  +   (helmet restricted)
rElec   .          Harm     .   V - +0 cloak
rCorr   .          Rampage  .   K - +0 pair of gloves
Will    .....                   D - +2 pair of boots
Stlth   ..........              r - amulet of reflection
HPRegen 0.25/turn               i - +6 ring of strength
MPRegen 0.11/turn               z - ring of positive energy

@: corroded
A: horns 2, retaliatory headbutt
a: Renounce Religion, Berserk, Trog's Hand, Brothers in Arms


You were on level 9 of the Dungeon.
You worshipped Trog.
Trog was greatly pleased with you.
You visited 1 branch of the dungeon, and saw 9 of its levels.

You collected 453 gold pieces.

Inventory:

Hand Weapons
 a - a +0 mace
 b - a +1 flail of distortion
 d - a +0 dagger of draining
 g - a +2 short sword of venom
 j - a +2 vorpal flail (weapon)
 N - a +4 short sword
 U - a +3 flail
Missiles
 q - 13 poisoned darts (quivered)
 O - a throwing net
Armour
 x - a +0 chain mail (worn)
 D - a +2 pair of boots (worn)
 K - a +0 pair of gloves (worn)
 M - a +2 leather armour of fire resistance
 V - a +0 cloak (worn)
Magical Staves
 f - a staff of fire
 H - a staff of fire
 Q - a staff of fire
Jewellery
 i - a +6 ring of strength (left hand)
 r - an amulet of reflection (around neck)
 s - an amulet of magic regeneration
 z - a ring of positive energy (right hand)
Wands
 n - a wand of iceblast (25)
 v - a wand of flame (11)
 J - a wand of paralysis (6)
 P - a wand of mindburst (7)
 R - a wand of acid (7)
Scrolls
 l - 2 scrolls of teleportation
 m - 3 scrolls of noise
 p - a scroll of immolation
 u - a scroll of torment {unknown}
 w - 4 scrolls of fear
 y - 2 scrolls of holy word
 B - 2 scrolls of enchant weapon
 C - a scroll of silence {unknown}
 F - 2 scrolls of vulnerability
 G - a scroll of enchant armour {unknown}
 W - a scroll of brand weapon {unknown}
 X - a scroll of amnesia {unknown}
 Y - a scroll of fog {unknown}
Potions
 c - 3 potions of brilliance
 e - 4 potions of might
 h - 2 potions of lignification {unknown}
 k - 2 potions of invisibility
 o - 3 potions of resistance
 t - 4 potions of curing
 A - 4 potions of haste
 E - 3 potions of attraction
 I - a potion of berserk rage {unknown}
 L - 2 potions of degeneration {unknown}
 S - a potion of flight {unknown}
 T - 2 potions of heal wounds


   Skills:
 + Level 9.1 Fighting
 + Level 12.4 Maces & Flails
 + Level 0.1 Throwing
 + Level 10.0 Armour
 + Level 5.4 Dodging
 + Level 2.2 Stealth
 + Level 3.7 Shields
 + Level 1.0 Evocations


You had 9 spell levels left.
You didn't know any spells.
Your spell library was empty.

Dungeon Overview and Level Annotations

Branches:
Dungeon (9/15)             Temple (0/1) D:4
   Lair: D:8-11         Orc: D:9-12

Altars:
Cheibriados
Dithmenos
Elyvilon
Fedhas
Hepliaklqana
Makhleb
Nemelex Xobeh
Qazlal
Xom
Yredelemnul
Zin
Beogh

Shops:
D:7 :   D:8 (

Annotations:
D:9 exclusion: 2 oklob plants


Innate Abilities, Weirdness & Mutations

You have a pair of horns on your head.
You reflexively headbutt those who attack you in melee.


Message History

You now have 453 gold pieces (gained 21).
A howler monkey comes into view.
The howler monkey howls!
The howler monkey hoots and howls with incredible vigour!
You sock the howler monkey! Your headbutt misses the howler monkey.
The howler monkey is severely wounded.
The howler monkey hoots and howls with incredible vigour!
You barely miss the howler monkey.
The howler monkey is severely wounded.
The howler monkey hits you.
You sock the howler monkey!
You kill the howler monkey!
Trog accepts your kill.
Your Armour skill increases to level 10!
You see here a howler monkey corpse.
Found a stone staircase leading down.
There is a stone staircase leading down here.
HP restored.
An oklob plant comes into view.
Marking area around an oklob plant as unsafe for travelling.
Really walk into a travel-excluded area? [Y]es or [N]o only, please.
Really walk into a travel-excluded area?
The oklob plant spits acid at you. The splash of acid misses you.
Found a wand of flame (15).
Found a dagger.
A two-headed ogre comes into view. It is wielding two +0 giant clubs.
The two-headed ogre shouts in stereo!
The oklob plant spits acid at you. The splash of acid hits you!
The acid corrodes you! The oklob plant spits acid at you.
The splash of acid hits you!! The oklob plant spits acid at you.
The splash of acid hits you. The oklob plant spits acid at you.
The splash of acid hits you!! The acid corrodes you!
The oklob plant spits acid at you. The splash of acid hits you!!
You die...

#.....PPP>$.P............##
#.....P$.P..PP............#####
#.....PPP.$PP..................
#......PP.P........#...........
#...)...PPP........#.....######
#........................#
#...../..........#.####.#######
#...............#.####........
#.......O....@.........#######
#####...........######.#######
############# #........
#########


You could see an oklob plant and a two-headed ogre.

Vanquished Creatures
  A two-headed ogre (D:9)
  A hornet (D:6)
  Grinder (D:2)
  Eustachio (D:6)
  A shadow (D:9)
  A wraith (D:9)
  A wyvern (D:9)
  3 steam dragons
  Menkaure (D:6)
  A floating eye (D:9)
  A water moccasin (D:5)
  4 orc warriors
  A black bear (D:5)
  2 ogres
  2 ice beasts
  3 centaurs
  4 phantoms
  2 kobold brigands
  2 bullfrogs
  A necrophage (D:7)
  2 scorpions (D:4)
  A wight (D:8)
  15 killer bees
  2 howler monkeys
  A hound (D:6)
  2 jellies
  5 orc priests
  2 gnoll shamans
  3 iguanas
  10 orc wizards
  9 gnolls
  8 adders
  2 worms
  4 dart slugs
  33 orcs
  4 bats
  5 endoplasms
  3 giant cockroaches
  3 goblins
  5 hobgoblins
  3 jackals (D:4)
  10 kobolds
  12 quokkas
  8 ball pythons
  5 frilled lizards
  6 rats
197 creatures vanquished.

Vanquished Creatures (collateral kills)
  4 wights (D:8)
4 creatures vanquished.

Vanquished Creatures (others)
  9 plants (D:1)
9 creatures vanquished.

Grand Total: 210 creatures vanquished

Notes
Turn   | Place    | Note
-------+----------+-------------------------------------------
     0 | D:1      | sfbr the Minotaur Berserker began the quest for the Orb.
     0 | D:1      | Reached XP level 1. HP: 19/19 MP: 0/0
   291 | D:1      | Reached XP level 2. HP: 27/27 MP: 1/1
   370 | D:1      | Reached skill level 4 in Maces & Flails
   750 | D:1      | Found a faded altar of an unknown god.
  1297 | D:2      | Reached XP level 3. HP: 33/33 MP: 2/2
  1516 | D:2      | You fall into a shaft and drop 2 floors!
  1643 | D:3      | Reached ** piety under Trog
  2145 | D:2      | Reached XP level 4. HP: 36/41 MP: 3/3
  2689 | D:3      | Noticed Grinder
  2691 | D:3      | Paralysed by Grinder for 5 turns
  2711 | D:2      | Killed Grinder
  2712 | D:2      | Reached skill level 5 in Fighting
  2712 | D:2      | Reached skill level 6 in Maces & Flails
  2712 | D:2      | Reached skill level 1 in Stealth
  2712 | D:2      | Reached XP level 5. HP: 5/48 MP: 4/4
  2712 | D:2      | Reached XP level 6. HP: 6/56 MP: 5/5
  3899 | D:4      | Found a staircase to the Ecumenical Temple.
  3953 | D:4      | Reached XP level 7. HP: 61/61 MP: 6/6
  4226 | D:4      | Reached skill level 7 in Maces & Flails
  4230 | D:4      | Reached *** piety under Trog
  4433 | D:5      | Entered Level 5 of the Dungeon
  4638 | D:5      | Reached skill level 8 in Maces & Flails
  4850 | D:5      | Reached XP level 8. HP: 47/71 MP: 7/7
  4994 | D:5      | Reached skill level 5 in Armour
  5002 | D:5      | Found a burning altar of Makhleb.
  5048 | D:5      | Reached skill level 9 in Maces & Flails
  5531 | D:6      | Noticed a hornet
  5535 | D:6      | Paralysed by a hornet for 3 turns
  5544 | D:6      | Found a shimmering altar of Xom.
  5560 | D:6      | Paralysed by a hornet for 1 turns
  5563 | D:6      | Killed a hornet
  5565 | D:6      | Noticed Menkaure
  5903 | D:6      | Reached XP level 9. HP: 58/79 MP: 8/8
  6121 | D:6      | Found a basalt altar of Yredelemnul.
  6128 | D:6      | Reached skill level 1 in Shields
  6142 | D:6      | Killed Menkaure
  6143 | D:6      | Reached skill level 10 in Maces & Flails
  6151 | D:6      | Found a sparkling altar of Nemelex Xobeh.
  6424 | D:6      | Found a stormy altar of Qazlal.
  6425 | D:6      | Found a shadowy altar of Dithmenos.
  6564 | D:6      | Noticed Eustachio
  6573 | D:6      | Killed Eustachio
  6574 | D:6      | Reached skill level 5 in Dodging
  6872 | D:7      | Reached skill level 1 in Evocations
  7272 | D:7      | Found Xiobaffa's Book Shoppe.
  7484 | D:7      | Reached **** piety under Trog
  8036 | D:8      | Reached skill level 11 in Maces & Flails
  8275 | D:8      | Found a glowing silver altar of Zin.
  8276 | D:8      | Found a snail-covered altar of Cheibriados.
  8277 | D:8      | Found a hazy altar of Hepliaklqana.
  8277 | D:8      | Found a white marble altar of Elyvilon.
  8277 | D:8      | Found a blossoming altar of Fedhas.
  8285 | D:8      | Reached XP level 10. HP: 89/89 MP: 9/9
  8494 | D:8      | Found Taanluasuu's Antique Weapon Emporium.
  9253 | D:9      | Noticed a two-headed ogre
  9423 | D:9      | Paralysed by a floating eye for 4 turns
  9545 | D:9      | Noticed an oklob plant
  9545 | D:9      | Paralysed by a floating eye for 4 turns
  9683 | D:9      | Killed a two-headed ogre
  9684 | D:9      | Reached skill level 12 in Maces & Flails
 10026 | D:9      | Paralysed by a floating eye for 3 turns
 10317 | D:9      | Reached skill level 10 in Armour
 10350 | D:9      | Noticed an oklob plant
 10383 | D:9      | Noticed a two-headed ogre
 10391 | D:9      | Killed from afar by an oklob plant

Illustrated notes

Levels and vault maps discovered:
D:1:      sevenhm_arrival_forest_fort_small_3, layout_basic,
          hellmonk_ecumenical_altar_defaced_shrine, serial_bayou_pond_c
D:2:      layout_loops_ring, minmay_surrounded
D:3:      layout_loops_cross, kennysheep_big_empty_room, uniq_grinder
D:4:      layout_gridville, minmay_temple_entry_antechambers
D:5:      layout_rooms, mainiacjoe_overflow_alcove_2, nicolae_figureground_pulse
D:6:      layout_basic, nicolae_overflow_hallway_of_the_gods, uniq_menkaure,
          uniq_eustachio
D:7:      layout_basic, serial_shops, shop
D:8:      layout_loops_cross, grunt_temple_overflow_open, serial_shops,
          nicolae_shop_trees
D:9:      layout_loops_ring, disabler_island

Skill      XL: |  1  2  3  4  5  6  7  8  9 10 |
---------------+-------------------------------+-----
Maces & Flails | 4 6 8 9 11 12 | 12.4
Fighting       | 4 5 6 7 8 9 |  9.1
Dodging        | 3 4 5 |  5.4
Stealth        | 1 2 |  2.2
Armour         | 3 4 6 8 10 | 10.0
Shields        | 3 |  3.7
Evocations     | 1 |  1.0
Throwing       | |  0.1

Action                   |  1- 3 |  4- 6 |  7- 9 | 10-12 || total
-------------------------+-------+-------+-------+-------++-------
Melee: Mace              |    98 |    90 |   179 |       ||   367
       Headbutt          |    18 |    18 |    48 |     9 ||    93
       Punch             |     1 |       |     3 |       ||     4
       Flail             |       |       |   160 |    77 ||   237
Throw: Dart              |       |     1 |       |       ||     1
Invok: Berserk           |       |     1 |     5 |     1 ||     7
       Trog's Hand       |       |     1 |     3 |       ||     4
       Brothers in Arms  |       |       |       |     1 ||     1
Evoke: Wand              |       |     2 |     2 |       ||     4
  Use: Scroll            |     3 |       |    13 |     1 ||    17
       Potion            |       |       |     3 |       ||     3
Armor: Animal skin       |    12 |     9 |       |       ||    21
       Chain mail        |       |    33 |   194 |    43 ||   270
Dodge: Dodged            |    45 |    63 |   142 |    33 ||   283
Block: Other             |       |       |    50 |    14 ||    64

Table legend: (Time is in decaauts)
 A = Elapsed time spent in this place.
 B = Non-inter-level travel time spent in this place.
 C = Inter-level travel time spent in this place.
 D = Time resting spent in this place.
 E = Time spent auto-exploring this place.
 F = Levels seen in this place.
 G = Mean time per level.
                   A        B        C        D        E       F      G
               +--------+--------+--------+--------+--------+-----+--------+
         Total |  10457 |  10126 |    331 |   2909 |   3573 |   9 | 1161.9 |
       Dungeon |  10457 |  10126 |    331 |   2909 |   3573 |   9 | 1161.9 |
               +--------+--------+--------+--------+--------+-----+--------+

Top non-repeatable levels by time:
     D:7: 1523 daAuts
     D:2: 1350 daAuts
     D:1: 1285 daAuts
     D:9: 1121 daAuts
     D:5: 1119 daAuts
     D:6: 1101 daAuts
     D:8: 1097 daAuts
     D:3: 975 daAuts
     D:4: 882 daAuts
